 Dungeon Crawl Stone Soup version 0.30-a0-883-g5ad918d77d (webtiles) character file.

Game seed: 807723375922096969

4372 Strat the Basher (level 10, 0/51 (59) HPs)
             Began as a Gargoyle Reaver on Mar 15, 2023.
             Was a Believer of Okawaru.
             Slain by a komodo dragon (11 damage)
             ... on level 9 of the Dungeon.
             The game lasted 00:22:28 (9679 turns).

Strat the Basher (Gargoyle Reaver)                  Turns: 9679, Time: 00:22:29

HP:   0/51 (59)     AC: 17    Str: 21    XL:     10   Next: 34%
MP:   11/13         EV: 11    Int: 13    God:    Okawaru [**....]
Gold: 733           SH:  0    Dex: 14    Spells: 5/13 levels left

rFire   . . .      SeeInvis .    a - +1 morningstar (chaos)
rCold   + . .      Faith    .    (no shield)
rNeg    + . .      Spirit   .    O - +2 leather armour {rC+}
rPois   ∞          Reflect  .    (no helmet)
rElec   +          Rampage  .    (no cloak)
rCorr   .                        (no gloves)
Will    .....                    m - +0 pair of boots
Stlth   +                        M - amulet of the acrobat
HPRegen 0.28/turn                t - +6 ring of dexterity
MPRegen 0.13/turn                G - +4 ring of protection

@: immotile, heavily drained
A: sickness immunity, AC +7, negative energy resistance 1, electricity
resistance, torment resistance 1, petrification resistance
a: Renounce Religion, Heroism


You were on level 9 of the Dungeon.
You worshipped Okawaru.
Okawaru was pleased with you.
You visited 1 branch of the dungeon, and saw 9 of its levels.
You also visited: Sewer and Ossuary.

You collected 830 gold pieces.
You spent 97 gold pieces at shops.

Inventory:

Hand Weapons
 a - a +1 morningstar of chaos (weapon)
Missiles
 k - 19 poisoned darts
 C - a throwing net
Armour
 b - a +1 leather armour
 c - a +0 kite shield
 m - a +0 pair of boots (worn)
 O - a +2 leather armour of cold resistance (worn)
 P - a +0 troll leather armour
Jewellery
 t - a +6 ring of dexterity (left hand)
 v - a ring of fire
 w - an amulet of faith
 G - a +4 ring of protection (right hand)
 I - a ring of willpower
 K - an amulet of magic regeneration
 M - an amulet of the acrobat (around neck)
Wands
 D - a wand of roots (15)
 H - a wand of paralysis (12)
 L - a wand of flame (19)
Scrolls
 e - 2 scrolls of torment
 f - a scroll of immolation
 i - 2 scrolls of magic mapping
 q - 4 scrolls of fog
 r - 2 scrolls of enchant weapon
 u - 5 scrolls of identify
 x - a scroll of enchant armour
 y - 4 scrolls of teleportation
 J - a scroll of blinking
 N - a scroll of poison {unknown}
 Q - a scroll of fear
Potions
 g - 5 potions of heal wounds {unknown}
 h - 2 potions of brilliance {unknown}
 j - 5 potions of cancellation {unknown}
 l - 6 potions of degeneration {unknown}
 n - a potion of haste {unknown}
 o - 3 potions of berserk rage {unknown}
 p - 4 potions of ambrosia {unknown}
 s - 4 potions of lignification {unknown}
 z - a potion of resistance
 A - a potion of invisibility {unknown}
 B - 5 potions of mutation {unknown}
 E - 2 potions of might {unknown}
 F - a potion of attraction {unknown}


   Skills:
 - Level 5.0 Fighting
 + Level 13.6 Maces & Flails
 - Level 4.0 Armour
 - Level 1.5 Dodging
 - Level 2.0 Spellcasting
 - Level 4.0 Conjurations
 - Level 1.0 Translocations


You had 5 spell levels left.
You knew the following spells:

 Your Spells              Type           Power      Damage    Failure   Level
a - Kiss of Death         Conj/Necr      24%        2d7       13%         1
b - Momentum Strike       Conj/Tloc      14%        3d8       16%         2
c - Blink                 Tloc           6%         N/A       28%         2
d - Hailstorm             Conj/Ice       6%         3d4       36%         3

Your spell library contained the following spells:

 Spells                   Type           Power      Damage    Failure   Level
 Lesser Beckoning         Tloc           6%         N/A       28%         2
 Poisonous Vapours        Pois/Air       2%         N/A       41%         2
 Mephitic Cloud           Conj/Pois/Air  4%         N/A       45%         3
 Cigotuvi's Dreadful Rot  Necr/Pois/Air  Unusable   N/A       N/A         2

Dungeon Overview and Level Annotations

Branches:
Dungeon (9/15)             Temple (0/1) D:7           Sewer (visited)
Ossuary (visited)
   Lair: D:8-11         Orc: D:9-12

Altars:
Cheibriados
Fedhas
Kikubaaqudgha
Okawaru
Uskayaw
Vehumet
Wu Jian

Shops:
D:4 (   D:6 *   D:7 ?   D:8 =

Annotations:
D:2 Sigmund
D:4 2 runed translucent doors, Loveship's ghost, amateur DjFE
D:8 3 runed translucent doors, greenreed's ghost, novice MiFi


Innate Abilities, Weirdness & Mutations

You are immune to sickness and miasma.
Your stone body is resilient. (AC +7)
You are immune to poison.
You resist negative energy. (rN+)
You are resistant to electric shocks. (rElec)
You are resistant to unholy torment.
You are immune to petrification.


Message History

* * * LOW HITPOINT WARNING * * *
You puncture the acid dragon!
You kill the acid dragon!
Okawaru accepts your kill.
The acid dragon scales are intact enough to wear.
Your magical contamination has completely faded away.
You start resting.
You are no longer corroded.
You see here a wyvern corpse.
You start resting.
Magic restored.
HP restored.
Things that are here:
+0 acid dragon scales; an acid dragon corpse
u - 5 scrolls of identify (gained 3)
You now have 733 gold pieces (gained 16).
A komodo dragon comes into view.
The komodo dragon hisses angrily.
Casting: Momentum Strike (safe; 16% risk of failure)
Confirm with . or Enter, or press ? or * to list all spells.
Aiming: Momentum Strike (safe; 16% risk of failure)
Press: ? - help, Dir - move target, f - komodo dragon
Aim: a komodo dragon (77% to hit)
The concentrated momentum hits the komodo dragon!
The komodo dragon is moderately wounded.
You are unable to move.
You impale the komodo dragon!!
The komodo dragon seems to speed up.
The komodo dragon is severely wounded.
The komodo dragon bites you!
* * * LOW HITPOINT WARNING * * *
The komodo dragon bites you!!
* * * LOW HITPOINT WARNING * * *
You are too injured to fight recklessly!
You are too injured to fight recklessly!
You are too injured to fight recklessly!
Unknown command.
You puncture the komodo dragon!
The komodo dragon is poisoned.
The komodo dragon is almost dead.
The komodo dragon bites you!
You die...

###### #### ### #..#.#
###..####.#
###.#####.#.##...÷.
#...#..#...[.....#
#@.............#.#
#...l.........########
#.............##.#####
#........#....###....#
..#..##....#..#
####.## # ###
###.##### #..# ###
####


You could see a komodo dragon (fast, very poisoned).

Vanquished Creatures
  Joseph (D:7)
  A troll (D:8)
  3 wyverns (D:9)
  A water moccasin (D:6)
  2 acid dragons (D:9)
  4 sky beasts (D:6)
  4 orc warriors
  An ice beast (D:6)
  An ogre (D:3)
  3 centaurs
  A phantom (D:5)
  A kobold brigand (D:8)
  4 bullfrogs
  A wight (D:8)
  6 killer bees (D:9)
  4 howler monkeys
  A crimson imp (D:7)
  3 jellies
  An orc priest (D:8)
  3 hounds
  A gnoll bouda (D:4)
  An iguana (D:5)
  Jessica (D:2)
  4 orc wizards
  Terence (D:2)
  8 mummies (Ossuary)
  8 gnolls
  12 adders
  10 river rats (Sewer)
  2 shadow imps (D:7)
  7 white imps
  2 ufetubi
  2 worms (D:5)
  2 dart slugs (D:2)
  27 orcs
  7 bats
  9 endoplasms
  8 giant cockroaches
  3 gnoll zombies (Ossuary)
  11 goblins
  9 hobgoblins
  10 jackals
  5 quokkas
  17 ball pythons
  11 frilled lizards
  A hobgoblin zombie (Ossuary)
  11 kobolds
  4 orc zombies (Ossuary)
  22 rats
262 creatures vanquished.

Vanquished Creatures (others)
  An orc wizard (D:4)
  4 plants (D:9)
5 creatures vanquished.

Grand Total: 267 creatures vanquished

Notes
Turn   | Place    | Note
-------+----------+-------------------------------------------
     0 | D:1      | Strat the Gargoyle Reaver began the quest for the Orb.
     0 | D:1      | Reached XP level 1. HP: 12/12 MP: 3/3
   114 | D:1      | Reached XP level 2. HP: 17/17 MP: 5/5
   125 | D:1      | Learned a level 2 spell: Momentum Strike
   465 | D:1      | Reached skill level 4 in Maces & Flails
   504 | D:1      | Reached XP level 3. HP: 20/21 MP: 6/6
   852 | D:2      | Found an ancient bone altar of Kikubaaqudgha.
   943 | D:2      | Noticed Terence
   956 | D:2      | Killed Terence
   957 | D:2      | Reached skill level 1 in Translocations
   957 | D:2      | Reached XP level 4. HP: 21/25 MP: 3/7
  1241 | D:2      | Noticed Sigmund
  1456 | D:3      | Noticed an ogre
  1525 | D:2      | Noticed Jessica
  1546 | D:2      | Killed Jessica
  1547 | D:2      | Reached skill level 5 in Maces & Flails
  1547 | D:2      | Reached XP level 5. HP: 25/30 MP: 5/8
  2331 | D:3      | Identified the +1 ring mail "Ukiq" {rPois}
  2682 | D:4      | Found Kehuoc's Antique Weapon Emporium.
  2706 | D:4      | Found a runed translucent door.
  2708 | D:4      | Noticed Loveship's ghost (amateur DjFE)
  2780 | D:4      | Reached skill level 6 in Maces & Flails
  2780 | D:4      | Reached XP level 6. HP: 27/35 MP: 7/9
  2830 | D:4      | Found a runed translucent door.
  2850 | D:4      | Learned a level 2 spell: Blink
  3050 | D:3      | Reached skill level 1 in Armour
  3317 | D:4      | Reached XP level 7. HP: 24/35 MP: 4/10
  3675 | D:5      | Entered Level 5 of the Dungeon
  3906 | D:5      | Reached skill level 7 in Maces & Flails
  4086 | D:5      | Found a glowing drain.
  4100 | Sewer    | Entered a sewer
  4647 | Sewer    | Reached skill level 8 in Maces & Flails
  4647 | Sewer    | Reached XP level 8. HP: 29/41 MP: 7/11
  4844 | D:5      | Learned a level 3 spell: Hailstorm
  5357 | D:5      | Reached skill level 9 in Maces & Flails
  5852 | D:6      | Found Hakyegine's Lightly-Used Armoury.
  6045 | D:6      | Reached skill level 10 in Maces & Flails
  6064 | D:6      | Found a sand-covered staircase.
  6089 | Ossuary  | Entered an ossuary
  6712 | D:6      | Identified a scroll of acquirement
  6712 | D:6      | Acquired a +4 ring of protection
  6784 | D:6      | Reached XP level 9. HP: 48/51 MP: 12/12
  7165 | D:7      | Found a radiant altar of Vehumet.
  7208 | D:7      | Found a snail-covered altar of Cheibriados.
  7345 | D:7      | Found an iron altar of Okawaru.
  7367 | D:7      | Became a worshipper of Warmaster Okawaru
  7566 | D:7      | Noticed Joseph
  7582 | D:7      | Killed Joseph
  7583 | D:7      | Reached skill level 5 in Fighting
  7583 | D:7      | Reached skill level 11 in Maces & Flails
  7764 | D:7      | Found Dotwysm's Magic Scroll Shop.
  7772 | D:7      | Bought a scroll of blinking for 97 gold pieces
  7947 | D:7      | Found a staircase to the Ecumenical Temple.
  8184 | D:8      | Found a blossoming altar of Fedhas.
  8184 | D:8      | Found a hide-covered altar of Uskayaw.
  8371 | D:8      | Reached * piety under Okawaru
  8411 | D:8      | Found an ornate altar of the Wu Jian Council.
  8522 | D:8      | Reached skill level 12 in Maces & Flails
  8530 | D:8      | Found Pudec's Jewellery Shoppe.
  8530 | D:8      | Noticed a troll
  8590 | D:8      | Found a runed translucent gate.
  8590 | D:8      | Found a runed translucent gate.
  8590 | D:8      | Found a runed translucent gate.
  8630 | D:8      | Noticed greenreed's ghost (novice MiFi)
  8704 | D:8      | Killed a troll
  8881 | D:8      | Reached XP level 10. HP: 54/59 MP: 13/13
  9149 | D:9      | Reached skill level 13 in Maces & Flails
  9317 | D:9      | Reached ** piety under Okawaru
  9450 | D:9      | HP: 1/50 [acid dragon (4)]
  9679 | D:9      | Slain by a komodo dragon

Illustrated notes

Levels and vault maps discovered:
D:1:      lemuel_arrival_cross, layout_rooms, minmay_tall_x
D:2:      wander_river, layout_basic, basic_altar, minmay_misc_feat_cross,
          uniq_jessica, uniq_sigmund, uniq_terence
D:3:      kennysheep_six_static_rooms, layout_loops_ring
D:4:      layout_rooms, serial_shops, nicolae_shop_hallway_stairs,
          ebering_ghost_sewer_f
D:5:      layout_cave_pods, gup_sewer_entry_bubbles, serial_rivers,
          chequers_serial_rivers_large_a, chequers_serial_rivers_micro_b,
          chequers_serial_rivers_small_a, chequers_serial_rivers_micro_e,
          chequers_serial_rivers_marsh
D:6:      layout_gridville, nicolae_ossuary_entry_monument,
          hangedman_decor_opposing, minivault_19, minmay_shop_damaged,
          feat_on_display
D:7:      layout_basic, jmf_multi_god_temple, nicolae_overflow_crystal_walls,
          temple_doors_ab, serial_shops, nicolae_diamond_shop,
          minmay_fire_ice_demons, uniq_joseph
D:8:      layout_cave_pools, mainiacjoe_overflow_24_doors,
          gammafunk_temple_overflow_elements, gammafunk_ghost_spectres,
          st_stairs_2, nicolae_inconvenience_store
D:9:      layout_basic, mainiacjoe_overflow_boulevard, erik_lair_dragon,
          chequers_garden

Skill      XL: |  1  2  3  4  5  6  7  8  9 10 |
---------------+-------------------------------+-----
Maces & Flails | 4 5 6 8 10 12 13 | 13.6
Translocations | 1 |  1.0
Conjurations   | 4 |  4.0
Armour         | 2 4 |  4.0
Fighting       | 3 5 |  5.0
Dodging        | |  1.5
Spellcasting   | |  2.0

Action                     |  1- 3 |  4- 6 |  7- 9 | 10-12 || total
---------------------------+-------+-------+-------+-------++-------
  Melee: Mace              |    37 |       |       |       ||    37
         Morningstar       |    79 |   173 |   494 |    60 ||   806
         Punch             |       |     1 |     4 |       ||     5
   Cast: Momentum Strike   |     1 |     6 |     7 |     2 ||    16
         Kiss of Death     |     1 |     2 |     5 |     1 ||     9
  Evoke: Wand              |       |       |     1 |     1 ||     2
    Use: Scroll            |       |     8 |     9 |       ||    17
         Potion            |       |       |       |     6 ||     6
   Stab: Sleeping          |       |     1 |     1 |       ||     2
         Confused          |       |       |     3 |       ||     3
 Armour: Leather armour    |    44 |    73 |   296 |    20 ||   433
  Dodge: Dodged            |    82 |   121 |   335 |    55 ||   593

Table legend: (Time is in decaauts)
 A = Elapsed time spent in this place.
 B = Non-inter-level travel time spent in this place.
 C = Inter-level travel time spent in this place.
 D = Time resting spent in this place.
 E = Time spent auto-exploring this place.
 F = Levels seen in this place.
 G = Mean time per level.
                   A        B        C        D        E       F      G
               +--------+--------+--------+--------+--------+-----+--------+
         Total |   9923 |   9563 |    360 |   1509 |   5376 |  11 |  902.1 |
       Dungeon |   8561 |   8201 |    360 |   1140 |   4898 |   9 |  951.2 |
         Sewer |    740 |    740 |      0 |    116 |    272 |   1 |  740.0 |
       Ossuary |    621 |    621 |      0 |    253 |    206 |   1 |  621.0 |
               +--------+--------+--------+--------+--------+-----+--------+

Top non-repeatable levels by time:
     D:5: 1573 daAuts
     D:7: 1117 daAuts
     D:3: 1110 daAuts
     D:2: 1071 daAuts
     D:4: 814 daAuts
     D:8: 809 daAuts
     D:1: 785 daAuts
   Sewer: 740 daAuts
     D:6: 676 daAuts
 Ossuary: 621 daAuts
     D:9: 601 daAuts
